[Event "*** SCC Grand Prix: Titled Tuesday Blitz"]
[Site "Chess.com"]
[Date "2020.09.29"]
[Round "7"]
[White "catzapto"]
[Black "Larina_Marija"]
[Result "0-1"]
[WhiteElo "2058"]
[BlackElo "2192"]
[TimeControl "180+1"]
[EndTime "11:16:52 PDT"]
[Termination "Larina_Marija won by checkmate"]

1. e4 c6 2. Nf3 d5 3. exd5 cxd5 4. d4 Nf6 5. c3 g6 6. Bd3 Bg7 7. O-O O-O 8. Ne5 Be6 9. Bg5 h6 10. Be3 Nbd7 11. f4 Nxe5 12. fxe5 Nd7 13. Nd2 Nb6 14. a4 a5 15. Qb3 Rc8 16. Rf2 Qc7 17. Qb5 Nc4 18. Nxc4 dxc4 19. Be4 Rb8 20. d5 Qxe5 21. dxe6 Qxe4 22. exf7+ Rxf7 23. Ba7 Rbf8 24. Rxf7 Rxf7 25. Rf1 Rxf1+ 26. Kxf1 Qd3+ 27. Ke1 Qe4+ 28. Kf1 Kh7 29. h3 Be5 30. Qe8 Qf5+ 31. Ke2 Bd6 32.
Qb5 Qe6+ 33. Kf1 Qe3 34. Qd5 Qc1+ 35. Ke2 Qxb2+ 36. Qd2 Qxd2+ 37. Kxd2 Kg7 38. Kc2 Kf6 39. Bd4+ Ke6 40. Kd2 Kd5 41. Ke3 e5 42. Bb6 Bc5+ 43. Bxc5 Kxc5 44. Ke4 Kd6 45. g4 g5 46. Kf5 Kd5 47. Kg6 e4 48. Kxh6 e3 49. Kxg5 e2 50. h4 e1=Q 51. h5 Qe3+ 52. Kh4 Qf2+ 53. Kg5 Ke6 54.
Kh6 Qf6+ 55. Kh7 Kf7 56. g5 Qg7# 0-1

[Event "*** SCC Grand Prix: Titled Tuesday Blitz"]
[Site "Chess.com"]
[Date "2020.09.29"]
[Round "7"]
[White "ORS1984"]
[Black "Belka1989"]
[Result "0-1"]
[WhiteElo "2521"]
[BlackElo "2303"]
[TimeControl "180+1"]
[EndTime "11:16:53 PDT"]
[Termination "Belka1989 won by resignation"]

1. e4 c5 2. Nf3 d6 3. d4 cxd4 4. Qxd4 a6 5. h3 Nc6 6. Qe3 g6 7. Be2 Bg7 8. O-O Nf6 9. c4 O-O 10.
Rd1 Be6 11. Nc3 Nd7 12. Ng5 Nc5 13. Nxe6 fxe6 14. Bd2 Bd4 15. Qh6 Rxf2 16. Be3 Bxe3 17. Qxe3 Rf7 18. Rab1 a5 19. b3 Qb6 20. Bg4 Rf6 21.
Nb5 h5 22. Be2 Nd7 23. Qxb6 Nxb6 24. Rbc1 Nd7 25. Bd3 Nce5 26. Bc2 Nc5 27. Rd4 Raf8 28. a3 Nc6 29. Rd2 h4 30. Kh2 Rf2 31. Rcd1 e5 32.
Kg1 Rxd2 33. Rxd2 Rf4 34. Re2 Ne6 35. Rf2 Ned4 36. Nxd4 Nxd4 37. Rxf4 exf4 38. Bd1 Kg7 39. Kf2 Kf6 40. Ke1 Ke5 41. Kd2 Kxe4 42. Kc3 Ke3 43.
b4 axb4+ 44. axb4 b6 45. Bg4 e5 46. Be6 e4 47. Bd5 f3 48. gxf3 exf3 49. c5 dxc5 50.
bxc5 bxc5 51. Kc4 f2 52. Bg2 Nf3 53. Kxc5 Nd2 54. Kd5 f1=Q 55. Bxf1 Nxf1 0-1

[Event "*** SCC Grand Prix: Titled Tuesday Blitz"]
[Site "Chess.com"]
[Date "2020.09.29"]
[Round "7"]
[White "malakismayil"]
[Black "chessmadara"]
[Result "1-0"]
[WhiteElo "2326"]
[BlackElo "2124"]
[TimeControl "180+1"]
[EndTime "11:16:53 PDT"]
[Termination "malakismayil won on time"]

1. e4 c5 2. Nf3 Nc6 3. Bb5 g6 4. c3 Bg7 5. d4 cxd4 6. cxd4 Qb6 7. Bxc6 dxc6 8. Nc3 Bg4 9. Be3 Qxb2 10. Rc1 Nf6 11. O-O O-O 12. h3 Bxf3 13. Qxf3 Qa3 14. e5 Nd7 15.
Rc2 Nb6 16. Ne4 Nd5 17. Rb1 Qa4 18. Qe2 b6 19. Rbc1 Rac8 20. Rc4 Qa6 21. Qc2 Nxe3 22. fxe3 c5 23. Kh1 Qb7 24. Ng5 Bh6 25. h4 Qd5 26. Qf2 Rcd8 27. dxc5 Qxe5 28. Nf3 Qh5 29. c6 Qb5 30. c7 Rc8 31. a4 Qb3 32. e4 Bxc1 33. Rxc1 Qxa4 34. Qe3 Qd7 35. Qf4 Qe6 36. h5 Qf6 37.
Qh6 Qg7 38. Qf4 Qf6 39. Qh6 a5 40. e5 Qg7 41. Qf4 h6 42. e6 fxe6 43. Qe4 g5 44. Qxe6+ Qf7 45. Qxh6 g4 46. Qg5+ Qg7 47. Qd5+ Kh8 48.
Ng5 a4 49. Ne6 Kh7 50. Nxg7 Kxg7 51. h6+ Kh7 52. Qe6 1-0

[Event "*** SCC Grand Prix: Titled Tuesday Blitz"]
[Site "Chess.com"]
[Date "2020.09.29"]
[Round "7"]
[White "Aborigen_came"]
[Black "ChessAurochs"]
[Result "1-0"]
[WhiteElo "2745"]
[BlackElo "2576"]
[TimeControl "180+1"]
[EndTime "11:16:54 PDT"]
[Termination "Aborigen_came won on time"]

1. Nc3 Nf6 2. e4 e5 3. f4 exf4 4. e5 Ng8 5. d4 g5 6. h4 d6 7.
hxg5 Qxg5 8. Nf3 Qg3+ 9. Ke2 Bg4 10. Ne4 Bxf3+ 11. gxf3 Qg6 12. Bxf4 d5 13. Nc3 c6 14. Bh3 h5 15. Rg1 Qh7 16. Qd2 Ne7 17. Rg2 Ng6 18. Bg5 Bh6 19. Rag1 Bxg5 20. Qxg5 Nf8 21. Bf5 Qh6 22.
Qxh6 Rxh6 23. Rg8 Nd7 24. R1g7 Nb6 25. e6 fxe6 26. Bg6+ Rxg6 27. Rxg6 O-O-O 28. Rh6 Nbd7 29. f4 Re8 30. Nd1 c5 31. c3 cxd4 32. cxd4 Kd8 33. Nf2 Ke7 34. Rg7+ Kd6 35. Rxh5 Nf6 36. Rh8 N8d7 37.
Rxe8 Nxe8 38. Rg1 Nef6 39. b3 Nb8 40. a3 Nc6 41. Kd3 Ne7 42. Ng4 Nd7 43. Ne5 Nxe5+ 44.
fxe5+ Kd7 45. Rg7 Ke8 46. Rh7 Kf8 47. b4 b6 48. b5 Ke8 49. a4 Kd8 50. Rg7 Nc8 51. Rb7 Ke8 52. Kc3 Kd8 53. Kb4 Ke8 54.
a5 Kd8 55. a6 Ke8 56. Kc3 Kd8 57. Kd3 Ke8 58. Ke3 Kd8 59. Kf4 Ke8 60. Kg5 1-0

[Event "*** SCC Grand Prix: Titled Tuesday Blitz"]
[Site "Chess.com"]
[Date "2020.09.29"]
[Round "7"]
[White "Ladislav1969"]
[Black "StellarChessPro"]
[Result "0-1"]
[WhiteElo "2358"]
[BlackElo "2493"]
[TimeControl "180+1"]
[EndTime "11:16:55 PDT"]
[Termination "StellarChessPro won on time"]

1. e4 g6 2. d4 Bg7 3. Nc3 d6 4. Be3 c6 5. Qd2 a5 6. a4 Nd7 7. h4 h5 8. Nf3 Ngf6 9. Bc4 O-O 10. Ng5 Nb6 11. Bb3 Ng4 12. Bf4 e5 13. dxe5 Nxe5 14.
O-O-O Nec4 15. Qd3 d5 16. Bxc4 Nxc4 17. exd5 cxd5 18.
Qxd5 Qxd5 19. Rxd5 Bf5 20. Rc5 Rac8 21. Bc7 Ne5 22.
Rxe5 Bxe5 23. Bxe5 f6 24. Bd4 fxg5 25. hxg5 Rc4 26.
Bf6 Re8 27. Rd1 Rc7 28. f3 Rd7 29. Nd5 Rc8 30. c3 Kf7 31. Rd4 Rc5 32. Ne3 Rxd4 33. Bxd4 Rc6 34. Nxf5 gxf5 35. f4 Re6 36. Be5 Rc6 37. Kc2 Rc4 38. b3 Re4 39. Kd2 h4 40. Bd6 Kg6 41. Bc7 Kh5 42. Be5 b6 43. Bc7 Re6 44. Be5 Kg4 45. Ke3 Kg3 46. b4 Kxg2 47. bxa5 bxa5 48. c4 h3 49. Kd4 h2 50. Kd5 Re8 51.
c5 h1=Q 52. g6 Kg3+ 53. Kd6 Qb7 54. c6 Rd8+ 55. Kc5 Rc8 56. c7 Rxc7+ 0-1

[Event "*** SCC Grand Prix: Titled Tuesday Blitz"]
[Site "Chess.com"]
[Date "2020.09.29"]
[Round "7"]
[White "eljanov"]
[Black "RaunakSadhwani2005"]
[Result "1/2-1/2"]
[WhiteElo "2816"]
[BlackElo "2931"]
[TimeControl "180+1"]
[EndTime "11:16:56 PDT"]
[Termination "Game drawn by repetition"]

1. e4 e5 2. Nf3 Nc6 3. Bc4 Nf6 4. d3 Bc5 5. c3 d6 6. O-O a6 7. Re1 Ba7 8. a4 O-O 9. h3 Be6 10. Bxe6 fxe6 11. b4 Nh5 12. Be3 Qf6 13. Bxa7 Rxa7 14. Kh2 Ne7 15. Nbd2 Qh6 16. Nf1 Nf4 17. Ng3 Raa8 18.
d4 Neg6 19. Qd2 Rf7 20. dxe5 Nxe5 21. Nxe5 dxe5 22. Rad1 Raf8 23. Qe3 g5 24. f3 Qg7 25. Ne2 h5 26. Nxf4 gxf4 27. Qf2 Qf6 28. Rd2 Rg7 29. Red1 Kh7 30. Rd7 Rg8 31. a5 Kh6 32. c4 Qg5 33. Rxg7 Rxg7 34. b5 h4 35. Kg1 Rg8 36. Rd2 Rd8 37.
b6 Rxd2 38. Qxd2 cxb6 39. axb6 Qe7 40. Kh2 Kg6 41. Qa5 Qd6 42. c5 Qc6 43. Qc3 Kf6 44. Qe1 Kg5 45. Qc3 Kf6 46. Qe1 Qxc5 47. Qxh4+ Kg6 48. Qg4+ Kf7 49. Qh5+ Kg7 50. Qg5+ Kf7 51. h4 Qxb6 52. h5 Qf2 53. Qg6+ Ke7 54. Qg7+ Ke8 55. Qg8+ Ke7 56. Qg7+ Kd6 57. h6 Qh4+ 58. Kg1 Qe1+ 59. Kh2 Qh4+ 60. Kg1 Qe1+ 61. Kh2 Qh4+ 1/2-1/2

[Event "*** SCC Grand Prix: Titled Tuesday Blitz"]
[Site "Chess.com"]
[Date "2020.09.29"]
[Round "7"]
[White "BillieKimbah"]
[Black "TigrVShlyape"]
[Result "1-0"]
[WhiteElo "2934"]
[BlackElo "2855"]
[TimeControl "180+1"]
[EndTime "11:16:57 PDT"]
[Termination "BillieKimbah won on time"]

1. Nf3 Nf6 2. c4 c6 3. e3 d5 4. Nc3 g6 5. b3 Bg7 6. Bb2 O-O 7. Be2 Bg4 8. O-O e6 9. h3 Bxf3 10. Bxf3 Nbd7 11. d4 a5 12. Rc1 Qb6 13. Qc2 Rfd8 14.
Rfd1 Qa7 15. Be2 Qb8 16. Bf1 Qa7 17. Ba1 Qb8 18. Na4 Qa7 19. Nb2 Ne4 20. Nd3 Qb8 21. Rb1 Rc8 22. Rdc1 b5 23. Qe2 b4 24. Rc2 c5 25. Rbc1 cxd4 26. exd4 Nd6 27. g4 Qa7 28.
Qe3 Rab8 29. Bg2 a4 30. c5 axb3 31. axb3 Nb5 32. Nxb4 Na3 33. Ra2 Rxb4 34. Bb2 Qb7 35. Rxa3 Nxc5 36. Qc3 Bxd4 37. Qc2 Bxb2 38. Qxb2 h6 39. Qd2 Kh7 40. Qc2 Rc7 41. Qd1 Qb6 42. Ra8 Ne4 43. Rxc7 Qxc7 44. Qa1 Nc3 45. Ra7 Ne2+ 46. Kh1 Qf4 47. Qe1 Re4 48. Bxe4 Qxe4+ 49. Kh2 Qe5+ 50. Kg2 Nf4+ 51. Kf1 Qf6 52. Qe3 Kg7 53.
Kg1 g5 54. Kh2 Qb2 55. Rb7 1-0

[Event "*** SCC Grand Prix: Titled Tuesday Blitz"]
[Site "Chess.com"]
[Date "2020.09.29"]
[Round "7"]
[White "Anton_Demchenko"]
[Black "Smirnov_Pavel"]
[Result "1-0"]
[WhiteElo "2828"]
[BlackElo "2692"]
[TimeControl "180+1"]
[EndTime "11:16:58 PDT"]
[Termination "Anton_Demchenko won on time"]

1. d4 Nf6 2. Nf3 e6 3. Bf4 c5 4.
e3 cxd4 5. exd4 b6 6. Nbd2 Be7 7. a4 O-O 8. Bb5 Bb7 9. O-O a6 10. Bd3 d6 11. Re1 Nc6 12. h3 Qc7 13. c3 Rfe8 14. Bg3 Bf8 15. Ng5 h6 16. Nge4 Nxe4 17. Nxe4 Rad8 18. Qe2 Nb8 19. Rad1 Qc6 20. Qh5 Qxa4 21.
Ng5 Re7 22. Bh4 Qe8 23. Nxf7 Rxf7 24. Bxd8 Qxd8 25. Bh7+ Kxh7 26. Qxf7 Bd5 27. Rxe6 Qg5 28. f3 Nc6 29. Qxf8 Bxe6 30. Kh1 Qd5 31. Re1 Bf5 32.
Qe8 Bg6 33. Qe3 Qb3 34. Qd2 Na5 35. Qf4 Nc4 36. Qg3 Qxb2 37. h4 Qxc3 38. Re7 Qxd4 39. Ra7 Qd1+ 40. Kh2 Qd4 41. Rxa6 Bf5 42. Ra7 b5 43.
Rf7 Bg6 44. Rb7 Qe5 45. Qxe5 Nxe5 46. Rxb5 Bf7 47. Rb6 Nc4 48. Rc6 Kg6 49. Rc7 Kf6 50. Kg3 d5 51. Kf4 Ne5 52. g4 Ng6+ 53. Kg3 Ne5 54. Ra7 Nc4 55. Ra6+ Be6 56. f4 Ke7 57. f5 1-0

[Event "*** SCC Grand Prix: Titled Tuesday Blitz"]
[Site "Chess.com"]
[Date "2020.09.29"]
[Round "7"]
[White "Morshynska"]
[Black "FearNoEvil12"]
[Result "0-1"]
[WhiteElo "2188"]
[BlackElo "2079"]
[TimeControl "180+1"]
[EndTime "11:17:00 PDT"]
[Termination "FearNoEvil12 won on time"]

1. Nf3 d5 2. g3 e6 3. Bg2 c6 4.
O-O Nf6 5. d4 Bd6 6. c4 Nbd7 7.
b3 O-O 8. Bb2 Re8 9. Nc3 e5 10.
cxd5 cxd5 11. dxe5 Nxe5 12. Nxe5 Bxe5 13. Qd2 Be6 14. Rfd1 Rc8 15. Nb5 Bxb2 16. Qxb2 Qb6 17. Nd4 Ne4 18. Rac1 h6 19. e3 Bd7 20. h3 Qf6 21. a4 a6 22. Rc2 Rxc2 23. Qxc2 Ng5 24.
Kh2 Ne4 25. Nf3 Bc6 26. Kg1 Qg6 27. Qd3 Re6 28. Qd4 Rf6 29. Rf1 Qf5 30. Nh4 Qe6 31. Nf3 Nd6 32. Qe5 Nf5 33. Qxe6 fxe6 34. Rd1 Nd6 35.
Ne5 Kf8 36. h4 Ke7 37. Bh3 g5 38. h5 Ne4 39. Ng4 Rf8 40. Bg2 Rh8 41. Bxe4 dxe4 42. Ne5 Bd5 43. Ng6+ Kf6 44. Nxh8 Bxb3 45. Rb1 Bxa4 46.
Rxb7 Bb5 47. Ra7 Ke5 48. g4 Kd5 49. Nf7 Kc5 50. Nxh6 Kb6 51. Ra8 a5 52. Nf7 a4 53.
h6 Ba6 54. Rb8+ Kc5 55. Rb1 a3 56. Ra1 Kb4 57. h7 Kb3 58. h8=Q Bc4 59. Rxa3+ Kxa3 60. Qc3+ Bb3 61. Ne5 Ka4 62. Nc4 Bd1 63. Nb2+ Kb5 64. Nxd1 Kb6 65. Nb2 Kb5 66. Qc4+ Kb6 67. Na4+ Kb7 0-1

[Event "*** SCC Grand Prix: Titled Tuesday Blitz"]
[Site "Chess.com"]
[Date "2020.09.29"]
[Round "7"]
[White "tdf98pantani"]
[Black "Sychev_Klementy"]
[Result "1/2-1/2"]
[WhiteElo "2633"]
[BlackElo "2875"]
[TimeControl "180+1"]
[EndTime "11:17:04 PDT"]
[Termination "Game drawn - insufficient material"]

1. e4 d6 2. d4 Nf6 3. Nc3 g6 4. Be3 a6 5. Nf3 Bg7 6. Qd2 O-O 7. Bh6 Nc6 8. O-O-O b5 9. Bd3 e5 10. Bxg7 Kxg7 11. Ne2 Bg4 12. Qc3 Bxf3 13. gxf3 Nxd4 14. Nxd4 exd4 15. Qxd4 c5 16. Qc3 Qe7 17. Rhe1 Qe5 18.
Qxe5 dxe5 19. a4 Rab8 20. axb5 axb5 21. Bf1 Rb6 22. c3 c4 23. Kc2 Rc8 24. Bh3 Rc7 25. f4 exf4 26. e5 Ng8 27. Rd6 Rb8 28. e6 f5 29. Bg2 Ne7 30. Rd7 Rxd7 31. exd7 Kf7 32.
Re5 Rd8 33. Rxb5 Rxd7 34. Bf1 Kf6 35. Bxc4 g5 36. Rb6+ Kg7 37. b4 h5 38. Be6 Rc7 39.
Kb3 g4 40. c4 h4 41. Rd6 g3 42.
hxg3 hxg3 43. fxg3 fxg3 44. c5 f4 45. Bg4 Ng6 46.
Rd2 Ne5 47. Bh3 f3 48. Rd5 g2 49. Rd1 Ng6 50. Rg1 Nf4 51. Bxg2 fxg2 52. Kc4 Kf6 53.
b5 Rg7 54. b6 Ne2 55. Rxg2 Rxg2 56. b7 Rg4+ 57. Kb5 Nd4+ 58. Kb6 Rg8 59. c6 Ne6 60. c7 Nxc7 61. Kxc7 Ke7 62. b8=Q Rxb8 63. Kxb8 1/2-1/2

[Event "*** SCC Grand Prix: Titled Tuesday Blitz"]
[Site "Chess.com"]
[Date "2020.09.29"]
[Round "7"]
[White "GameOverBro"]
[Black "K_A_S_T_O_R"]
[Result "0-1"]
[WhiteElo "2552"]
[BlackElo "2716"]
[TimeControl "180+1"]
[EndTime "11:17:04 PDT"]
[Termination "K_A_S_T_O_R won by resignation"]

1. e4 c5 2. Ne2 d6 3. g3 Nc6 4. Bg2 g6 5. c3 Bg7 6. d4 e5 7. Be3 Qe7 8. O-O Nf6 9. f3 O-O 10. Na3 b6 11. Qd2 Ba6 12. d5 Nb8 13. c4 Bc8 14. h3 h5 15. g4 Nbd7 16. Nb5 a6 17. Nbc3 hxg4 18. fxg4 Nh7 19. Ng3 Bf6 20. Bh6 Re8 21.
Rf3 Bg5 22. Bxg5 Nxg5 23. Rf2 Nh7 24. Raf1 Rf8 25. Qh6 Qg5 26. Qxg5 Nxg5 27. h4 Nh7 28. h5 Kg7 29. hxg6 fxg6 30. Nd1 Ndf6 31. Ne3 Bd7 32. Bf3 Ng5 33. Kg2 Rh8 34. a3 a5 35. Bd1 Raf8 36. b4 axb4 37. axb4 cxb4 38. Rb2 Nfxe4 39. Rxf8 Rxf8 40. Nxe4 Nxe4 41. Rxb4 Rf2+ 42.
Kg1 Rd2 43. Bf3 Ng5 44. Bg2 Re2 45. Nf1 Bxg4 46. Rxb6 Nf3+ 47. Bxf3 Bxf3 48. Nh2 Rg2+ 49. Kf1 Rxh2 50. Rxd6 Rc2 51. Rc6 Be2+ 52. Ke1 Bxc4 53. d6 Kf7 54. d7 Ke7 55. Rd6 Kd8 56. Rxg6 Bd3 57. Kd1 Bxg6 0-1

[Event "*** SCC Grand Prix: Titled Tuesday Blitz"]
[Site "Chess.com"]
[Date "2020.09.29"]
[Round "7"]
[White "Misticpikachu"]
[Black "Miss_JJ20"]
[Result "0-1"]
[WhiteElo "2316"]
[BlackElo "2458"]
[TimeControl "180+1"]
[EndTime "11:17:07 PDT"]
[Termination "Miss_JJ20 won on time"]

1. c4 e6 2. Nf3 Nf6 3. e3 c5 4.
Nc3 d5 5. cxd5 exd5 6. d4 a6 7.
Be2 Nc6 8. O-O Bg4 9. dxc5 Bxc5 10. b3 O-O 11. Bb2 Rc8 12. Rc1 Ba7 13. Nd4 Bxe2 14. Ncxe2 Qd7 15. Nxc6 Rxc6 16. Rxc6 Qxc6 17. Bxf6 Qxf6 18.
Qxd5 b5 19. Nf4 Rd8 20. Qb7 Bb8 21. g3 Bxf4 22. exf4 h5 23. h4 Rd2 24. a4 bxa4 25.
bxa4 g6 26. Qb4 Rd4 27. Qb8+ Kg7 28. a5 Ra4 29. Qc7 Qd4 30. Rb1 Ra2 31. Rf1 Qd5 32.
Qc3+ Kh7 33. Qf6 Rxa5 34. Rc1 Rb5 35. Kh2 Rb8 36. Rc7 Rf8 37. Qe7 Kg8 38. Rc5 Qf3 39.
Rc2 a5 40. Qe3 Qxe3 41. fxe3 Ra8 42. Ra2 Kf8 43. Kg2 Ke7 44. Kf3 f5 45. e4 fxe4+ 46. Kxe4 Ke6 47. Kd4 a4 48. Ke4 a3 49. Ra1 a2 50. Ke3 Kf5 51. Kf2 Ra3 52. Kg2 Kg4 53.
Kh2 Kf3 54. Rf1+ Ke2 55. Ra1 Kd2 56. g4 hxg4 57. h5 gxh5 58. f5 Kc2 59. f6 Kb2 60.
f7 Rf3 61. Rf1 Rxf1 0-1

[Event "*** SCC Grand Prix: Titled Tuesday Blitz"]
[Site "Chess.com"]
[Date "2020.09.29"]
[Round "7"]
[White "Gerodot71"]
[Black "CrazyMartian"]
[Result "0-1"]
[WhiteElo "2446"]
[BlackElo "2337"]
[TimeControl "180+1"]
[EndTime "11:17:08 PDT"]
[Termination "CrazyMartian won by resignation"]

1. d4 d5 2. c4 e6 3. Nf3 Nf6 4. g3 Bb4+ 5. Bd2 Bd6 6. Bg5 h6 7. Bxf6 Qxf6 8. Nc3 c6 9. e4 dxe4 10. Nxe4 Qd8 11. Nxd6+ Qxd6 12. Bg2 Qb4+ 13. Qd2 Qxd2+ 14.
Kxd2 Nd7 15. Ne5 Nxe5 16. dxe5 Bd7 17. Ke3 O-O-O 18. c5 Kc7 19. Rad1 b6 20. Rd6 bxc5 21. Rc1 Rb8 22. Rxc5 Rb6 23. b3 Rhb8 24. Rc2 Be8 25. Rc4 Ra6 26. Rd2 Ra5 27. f4 c5 28. Rcc2 Rd8 29. b4 Ra3+ 30. Ke2 Bb5+ 31. Kd1 Rxd2+ 32. Kxd2 c4 33. Kc1 Re3 34. Kb2 Kb6 35. Rc3 Re2+ 36. Rc2 Re3 37. Rf2 a5 38. bxa5+ Kxa5 39. Bf3 Kb4 40. Bd1 c3+ 41. Kc1 Re1 42. Rc2 Ba4 43.
a3+ Ka5 44. Rxc3 Rxd1+ 45. Kb2 Rd2+ 46. Kc1 Rxh2 47. Rc7 Rg2 48. Ra7+ Kb5 49. Rxf7 Rxg3 50. Re7 Rf3 51. Rxe6 Rxf4 52. Re7 g5 53. Rh7 Re4 54. Rxh6 Rxe5 55. Kd2 Kc5 56. Ra6 Bb5 57. Rg6 Kd5 58.
Kc3 Ke4 59. Rg8 Kf4 60. Kd4 Rf5 61. Rh8 g4 62. Rh1 g3 63. Rg1 Kg4 0-1

[Event "*** SCC Grand Prix: Titled Tuesday Blitz"]
[Site "Chess.com"]
[Date "2020.09.29"]
[Round "7"]
[White "guillembaches"]
[Black "ViktoriyaTarasova"]
[Result "1-0"]
[WhiteElo "2420"]
[BlackElo "2279"]
[TimeControl "180+1"]
[EndTime "11:17:09 PDT"]
[Termination "guillembaches won by checkmate"]

1. e4 e5 2. Nf3 Nc6 3. Nc3 Nf6 4. d4 exd4 5. Nxd4 Bb4 6. Nxc6 bxc6 7. Bd3 O-O 8. O-O d5 9. Bd2 Bd6 10. h3 Rb8 11.
Rb1 Re8 12. Qf3 Be6 13. Rfe1 d4 14. Ne2 Be5 15. b3 c5 16. Nf4 Bd7 17. Bc4 Bb5 18.
Bxb5 Rxb5 19. Nd3 Nd7 20. a4 Rb8 21. Bf4 Qf6 22. Nxe5 Nxe5 23. Qg3 Qe6 24. Bxe5 Qxe5 25. Qd3 Qe6 26. Rbd1 h6 27. Re2 Red8 28. Rde1 Rb4 29. e5 c4 30. bxc4 Rxa4 31. c5 Rc4 32. Qa3 a6 33. Qa5 Rc8 34. Re4 Qc6 35. e6 fxe6 36.
Rxe6 Qxc5 37. Qxa6 Rf8 38. Re8 Rxc2 39. Rxf8+ Qxf8 40. Qf1 d3 41. Rd1 d2 42. Kh2 Qd6+ 43. g3 Qd4 44. Qe2 Kh7 45. Kg2 c5 46. h4 c4 47. h5 c3 48. Qe6 Qd3 49. Ra1 Rc1 50. Ra6 Qf1+ 51. Kf3 Qh1+ 52. Kf4 Qxh5 53. Qe4+ Kg8 54. Ra8+ Kf7 55. Qe8+ Kf6 56. Ra6# 1-0

[Event "*** SCC Grand Prix: Titled Tuesday Blitz"]
[Site "Chess.com"]
[Date "2020.09.29"]
[Round "7"]
[White "deribas12345"]
[Black "gmpeter008"]
[Result "1/2-1/2"]
[WhiteElo "2627"]
[BlackElo "2408"]
[TimeControl "180+1"]
[EndTime "11:17:11 PDT"]
[Termination "Game drawn - insufficient material"]

1. d4 Nf6 2. c4 e6 3. Nc3 Bb4 4.
a3 Bxc3+ 5. bxc3 c5 6. f3 O-O 7. e4 d5 8. cxd5 exd5 9. e5 Nh5 10. Bd3 Qh4+ 11. Kf1 cxd4 12. cxd4 Nc6 13. Ne2 f6 14. e6 Bxe6 15. g4 Bxg4 16. fxg4 Qxg4 17. Qb3 Rae8 18. Qxd5+ Kh8 19. Qf5 Qxf5+ 20. Bxf5 Rxe2 21. Kxe2 Nxd4+ 22. Kf2 Nxf5 23. Be3 b6 24. Rac1 Kg8 25. Rhe1 g6 26. Rc7 Ra8 27. Rd1 Nhg7 28. Rc6 Re8 29. Bc1 Ne6 30. Re1 Kf7 31. Bb2 Re7 32. a4 Re8 33.
h3 Re7 34. Ba3 Re8 35. Bb2 h5 36. Rd1 Re7 37. Ba3 Ned4 38. Bxe7 Nxc6 39. Ba3 Ke6 40. Rc1 Ne5 41. Rc7 a5 42. Rc8 Nd4 43. Ke3 Ndc6 44.
Bb2 Kd7 45. Rg8 Nc4+ 46. Ke4 Nxb2 47. Rxg6 Nxa4 48. Rxf6 Nc5+ 49. Kd5 Nb4+ 50. Kc4 Kc7 51. Rh6 a4 52. Kxb4 Ne4 53. Rxh5 b5 54. Kxb5 Kd7 55.
Kxa4 Ke6 56. Kb4 Kf6 57. Kc4 Kg6 58. Ra5 Nd2+ 59. Kd3 Nb3 60. Ke3 Nxa5 61. Kf4 Nb7 62. Kg3 Nd8 63. h4 Nf7 64. Kh3 Kh5 65. Kg3 Nh6 66.
Kh3 Nf5 67. Kg2 Nxh4+ 1/2-1/2

[Event "*** SCC Grand Prix: Titled Tuesday Blitz"]
[Site "Chess.com"]
[Date "2020.09.29"]
[Round "7"]
[White "Kildepiotr"]
[Black "Berardino"]
[Result "0-1"]
[WhiteElo "2575"]
[BlackElo "2721"]
[TimeControl "180+1"]
[EndTime "11:17:13 PDT"]
[Termination "Berardino won by resignation"]

1. Nf3 d5 2. g3 Nd7 3. Bg2 e5 4.
d3 Ngf6 5. O-O Bd6 6. Nbd2 O-O 7. e4 c6 8. b3 Re8 9. Bb2 d4 10. Nc4 Bc7 11. a4 b5 12. Ncd2 a6 13. Nh4 Rb8 14. f4 exf4 15. gxf4 Nxe4 16. Bxe4 Qxh4 17. Qf3 c5 18. axb5 axb5 19. Ra7 Bb6 20. Raa1 Nf6 21. Qg3 Qh6 22. Qg5 Qh3 23. Qg3 c4 24. bxc4 bxc4 25.
Nxc4 Nxe4 26. dxe4 Bc5 27. Ra5 Bb4 28. Rg5 Qxg3+ 29.
hxg3 Ba6 30. Bxd4 g6 31. Ne3 Bxf1 32. Nd5 Be7 33. Re5 f6 34. Rxe7 Rxe7 35. Nxe7+ Kf7 36. Nd5 Rb1 37. Nxf6 Bd3+ 38. Kf2 Bxc2 39. e5 h5 40.
Be3 Bf5 41. Nh7 Rb2+ 42. Kf3 Ke6 43. Nf6 Rb3 44. Kf2 Rb2+ 45. Kf3 Bc2 46. Bd4 Rb3+ 47. Kf2 Bf5 48. Be3 Ra3 49. Kf3 Ra2 50. Bd4 Rh2 51. Be3 Ra2 52. Bd4 Ra3+ 53. Be3 Bg4+ 54. Kf2 Ra2+ 55. Kf1 Bf5 56. Bf2 Rb2 57. Be3 Rc2 58.
Bf2 Bh3+ 59. Ke1 Bg4 60. Kf1 Kf5 61. Be3 Ra2 62. Bf2 Bh3+ 63. Ke1 Bg4 64. Be3 Re2+ 0-1

[Event "*** SCC Grand Prix: Titled Tuesday Blitz"]
[Site "Chess.com"]
[Date "2020.09.29"]
[Round "7"]
[White "akanga001"]
[Black "Rogarcia1"]
[Result "0-1"]
[WhiteElo "1871"]
[BlackElo "2086"]
[TimeControl "180+1"]
[EndTime "11:17:13 PDT"]
[Termination "Rogarcia1 won on time"]

1. d4 d5 2. c4 c6 3. Nc3 Nf6 4. Nf3 e6 5. cxd5 exd5 6. Bg5 Nbd7 7. e3 Be7 8. Qc2 Nf8 9. Bd3 Ne6 10.
Bh4 g6 11. O-O O-O 12. Ne5 Ng7 13. Bg3 Bf5 14. f4 Rc8 15. Na4 Ne4 16. Be1 f6 17.
Nf3 Bd6 18. b4 Qe7 19. a3 g5 20. Nc5 gxf4 21. exf4 Bxf4 22. Nh4 Be3+ 23. Kh1 Bxd4 24. Nxf5 Nxf5 25. Rd1 Ne3 26. Qe2 Nxd1 27. Bxe4 dxe4 28. Qxd1 Bxc5 29. bxc5 e3 30. Qg4+ Qg7 31. Qe6+ Kh8 32. Bc3 Rce8 33. Qf5 e2 34. Re1 Qg6 35. Qf3 h6 36. h3 Kh7 37. Rxe2 Rxe2 38. Qxe2 Rf7 39. Qe6 f5 40. Qe8 Rg7 41. Bxg7 Qxe8 42. Bd4 Qe1+ 43.
Bg1 Qe4 44. Kh2 Qa4 45. Kg3 Qxa3+ 46. Kf4 Qd3 47. g4 fxg4 48. hxg4 a5 49. Ke5 a4 50. Bd4 a3 51. Ba1 a2 52. Bb2 Qb1 53. Bd4 a1=Q 54.
Bxa1 Qxa1+ 55. Kd6 Qd4+ 56. Kc7 Qxc5 57. Kxb7 Qd4 58. Kc7 Qxg4 59. Kb6 h5 60. Kxc6 h4 61. Kc5 h3 62. Kd6 h2 63. Ke7 h1=Q 64. Kf8 Qf1+ 0-1

[Event "*** SCC Grand Prix: Titled Tuesday Blitz"]
[Site "Chess.com"]
[Date "2020.09.29"]
[Round "7"]
[White "davidkalashian"]
[Black "anon102030"]
[Result "1-0"]
[WhiteElo "2594"]
[BlackElo "2734"]
[TimeControl "180+1"]
[EndTime "11:17:14 PDT"]
[Termination "davidkalashian won by checkmate"]

1. d4 Nf6 2. c4 e5 3. dxe5 Ng4 4. Bf4 Nc6 5. Nf3 Bb4+ 6. Nbd2 Qe7 7. a3 Ngxe5 8. Nxe5 Nxe5 9. e3 Bxd2+ 10. Qxd2 d6 11. Be2 b6 12. Bxe5 Qxe5 13. Bf3 Rb8 14. Bc6+ Ke7 15.
O-O Be6 16. f4 Qc5 17. Bd5 b5 18. b4 Qb6 19. f5 Bxd5 20. cxd5 Kd7 21. Rac1 Rhe8 22.
Rf3 Re5 23. Rc6 Qb7 24. f6 g6 25. Qd4 Rbe8 26. Rf1 Rxe3 27. h3 h5 28. Kh2 Re1 29.
Rf3 R8e4 30. Qd2 R1e2 31. Qh6 Re5 32. Rfc3 Rxd5 33. Qf8 Rxg2+ 34. Kxg2 Rc5 35. Qxf7+ Kxc6 36. bxc5 b4 37. Qe8+ Kd5 38. axb4 Kd4+ 39. Rf3 g5 40. f7 g4 41. Qe3+ Kc4 42. f8=Q gxf3+ 43. Qfxf3 Qxb4 44. Qee4+ Kxc5 45. Qxb4+ Kxb4 46. Qc6 a5 47. Qxc7 d5 48. Qb6+ Ka4 49. Qd4+ Kb3 50. Qxd5+ Kb4 51. Qxh5 a4 52.
Qg4+ Kb3 53. Qf3+ Kb4 54. Qe4+ Kb3 55. Qb1+ Kc3 56. h4 a3 57. Qa2 Kb4 58. h5 Kc3 59. h6 Kb4 60. h7 Ka4 61. h8=Q Kb4 62.
Qd4+ Kb5 63. Qac4+ Ka5 64. Qa4# 1-0

[Event "*** SCC Grand Prix: Titled Tuesday Blitz"]
[Site "Chess.com"]
[Date "2020.09.29"]
[Round "7"]
[White "Alexsur1981"]
[Black "kosya4ok"]
[Result "0-1"]
[WhiteElo "2740"]
[BlackElo "2618"]
[TimeControl "180+1"]
[EndTime "11:17:20 PDT"]
[Termination "kosya4ok won on time"]

1. e4 d6 2. d4 Nf6 3. f3 c5 4. d5 e6 5. c4 b5 6. dxe6 Bxe6 7. cxb5 d5 8. exd5 Nxd5 9. Nc3 Be7 10. Bd3 Nd7 11.
Nge2 Ne5 12. Be4 Nxc3 13. Qxd8+ Rxd8 14. Nxc3 f5 15. Bc2 Bf6 16. O-O Nd3 17. Rd1 Nxc1 18. Raxc1 Bd4+ 19. Kf1 Kf7 20. Bd3 c4 21. Be2 Be3 22.
Rxd8 Rxd8 23. Rd1 Rxd1+ 24. Nxd1 Bd4 25. Nc3 Kf6 26. f4 g5 27. fxg5+ Kxg5 28. Bf3 Kf4 29.
Ke2 Ke5 30. a4 f4 31. Kd2 h6 32. Bc6 Bf5 33. a5 Be3+ 34. Kd1 Bg4+ 35. Ke1 Bc8 36. Bf3 Kd4 37. Nd5 Bc1 38. b6 axb6 39. axb6 Bxb2 40.
Nxf4 Ke3 41. Ne2 c3 42. Kd1 Ba6 43. b7 c2+ 44. Kxc2 Be5 45. Nc3 Bxh2 46. Nd5+ Kf2 47.
Nb4 Bf1 48. Nd3+ Ke3 49. Nc5 Kf2 50. Ne4+ Ke3 51. g3 Bd3+ 52. Kb2 Bxe4 53. b8=Q Bxf3 54. Qf4+ Kf2 55. Qxh6 Bxg3 56. Qf6 Kg2 57. Kc3 Bf2 58. Kd3 Bg3 59. Qg5 Kh2 60. Ke3 Kg2 61. Qg6 Bd1 62. Qe4+ Kh2 0-1